 Dungeon Crawl Stone Soup version 0.29.1-12-g30fa7ad0bf (webtiles) character file.

Game seed: 17508658689212813830

1 mopl the Magician (level 1, 0/11 HPs)
             Began as an Octopode Hedge Wizard on Jan 2, 2023.
             Slain by a hobgoblin (2 damage)
             ... on level 1 of the Dungeon.
             The game lasted 00:00:09 (49 turns).

mopl the Magician (Octopode Hedge Wizard)             Turns: 49, Time: 00:00:10

Health: 0/11       AC:  1    Str:  9    XL:     1   Next: 20%
Magic:  0/4        EV: 13    Int: 16    God:
Gold:   15         SH:  0    Dex: 11    Spells: 5/6 levels left

rFire   . . .      SeeInvis .   a - +0 dagger
rCold   . . .      Faith    .   (no shield)
rNeg    . . .      Spirit   .   b - +0 hat
rPois   .          Reflect  .   (no amulet)
rElec   .          Harm     .   (no ring)
rCorr   .          Rampage  .   (no ring)
Will    .....                   (no ring)
Stlth   +++.......              (no ring)
HPRegen 0.03/turn               (no ring)
MPRegen 0.09/turn               (no ring)
                                (no ring)
                                (no ring)

@: no status effects
A: almost no armour, amphibious, 8 rings, camouflage 1, gelatinous body 1,
(nimble swimmer 1), tentacles
a: no special abilities


You were on level 1 of the Dungeon.
You visited 1 branch of the dungeon, and saw 1 of its levels.

You collected 15 gold pieces.

Inventory:

Hand Weapons
 a - a +0 dagger (weapon)
Armour
 b - a +0 hat (worn)
Scrolls
 d - a scroll of acquirement {unknown}
Potions
 c - a potion of magic


   Skills:
 - Level 2.0 Dodging
 - Level 2.6 Stealth
 + Level 3.0 Spellcasting
 + Level 1.1 Conjurations
 - Level 1.0 Summonings
 - Level 1.0 Translocations


You had 5 spell levels left.
You knew the following spells:

 Your Spells              Type           Power      Damage    Failure   Level
a - Magic Dart            Conj           20%        1d4       12%         1

Your spell library contained the following spells:

 Spells                   Type           Power      Damage    Failure   Level
 Slow                     Hex            8%         N/A       19%         1
 Blink                    Tloc           10%        N/A       19%         2
 Call Imp                 Summ           5%         N/A       19%         2
 Conjure Flame            Conj/Fire      4%         6-21      41%         3
 Mephitic Cloud           Conj/Pois/Air  3%         N/A       43%         3


Dungeon Overview and Level Annotations

Branches:
Dungeon (1/15)

Altars:


Innate Abilities, Weirdness & Mutations

You cannot wear most types of armour.
You are amphibious.
You can wear up to eight rings at the same time.
Your skin changes colour to match your surroundings (Stealth+).
Your rubbery body absorbs attacks. (AC +1, EV +1)
((You are camouflaged when in or above water. (Stealth+)))
You have tentacles for arms and can constrict up to eight enemies at once.


Message History

You can't see any susceptible monsters within range! (Use Z to cast anyway.)
You can't see any susceptible monsters within range! (Use Z to cast anyway.)
You can't see any susceptible monsters within range! (Use Z to cast anyway.)
You now have 15 gold pieces (gained 8).
A hobgoblin comes into view.
Found a golden potion.
The hobgoblin shouts!
A bat comes into view.
The hobgoblin misses you.
You hit the hobgoblin but do no damage. Your grab misses the hobgoblin.
The bat hits you. The hobgoblin hits you.
You are too injured to fight recklessly!
Casting: Magic Dart (safe; 12% risk of failure)
Confirm with . or Enter, or press ? or * to list all spells.
Aiming: Magic Dart (safe; 12% risk of failure)
Press: ? - help, Shift-Dir - straight line, f - hobgoblin
Aim: a hobgoblin (100% to hit)
The magic dart hits the hobgoblin.
The hobgoblin is lightly wounded.
The hobgoblin barely misses you.
Unknown command.
Casting: Magic Dart (safe; 12% risk of failure)
Confirm with . or Enter, or press ? or * to list all spells.
Aiming: Magic Dart (safe; 12% risk of failure)
Press: ? - help, Shift-Dir - straight line, f/p - hobgoblin
Aim: a hobgoblin (lightly wounded, 100% to hit)
The magic dart hits the hobgoblin.
The hobgoblin is moderately wounded.
A bat comes into view.
The hobgoblin hits you.
* * * LOW HITPOINT WARNING * * *
Casting: Magic Dart (safe; 12% risk of failure)
Confirm with . or Enter, or press ? or * to list all spells.
Aiming: Magic Dart (safe; 12% risk of failure)
Press: ? - help, Shift-Dir - straight line, f/p - hobgoblin
Aim: a hobgoblin (moderately wounded, 100% to hit)
The magic dart hits the hobgoblin.
The hobgoblin is almost dead.
The hobgoblin hits you.
You die...

#..## #....
##. #...! ..
## #..b# # #..
#.
#...###.###..
##.
#...##...##...
##..
#..b.......
#.###...
#g##....
#...#.## #@#
...#####...#
#.# ...#...###
#.# #.#.###
#.#######...#
#..........##
############


You could see a hobgoblin and 2 bats.

Vanquished Creatures
  A ball python (D:1)
1 creature vanquished.

Notes
Turn   | Place    | Note
-------+----------+-------------------------------------------
     0 | D:1      | mopl the Octopode Hedge Wizard began the quest for the Orb.
     0 | D:1      | Reached XP level 1. HP: 11/11 MP: 4/4
    49 | D:1      | Slain by a hobgoblin

Illustrated notes

Levels and vault maps discovered:
D:1:      dpeg_arrival_rooms_c, layout_loops_ring,
          hellmonk_ecumenical_altar_run_dry, serial_shops,
          nicolae_shop_behind_doors, minmay_tetromino_o2

Action                   || total
-------------------------++-------
Melee: Dagger            ||     1
 Cast: Magic Dart        ||     5
Dodge: Dodged            ||     2
